 Dungeon Crawl Stone Soup version 0.23-a0-635-g88ca12a (webtiles) character file.

4 Leeroy the Charmwright (level 1, -3/17 HPs)
             Began as a Barachi Skald on Dec 27, 2018.
             Slain by a kobold
             ... wielding a +0 short sword
              (6 damage)
             ... on level 1 of the Dungeon.
             The game lasted 00:00:24 (64 turns).

Leeroy the Charmwright (Barachi Skald)                Turns: 64, Time: 00:00:24

Health: -3/17      AC:  3    Str: 12    XL:     1   Next: 60%
Magic:  3/3        EV: 12    Int: 13    God:
Gold:   10         SH:  0    Dex: 11    Spells: 3/4 levels left

rFire    . . .     SeeInvis .   a - +0 falchion
rCold    . . .     Gourm    .   (no shield)
rNeg     . . .     Faith    .   b - +0 leather armour
rPois    .         Spirit   .   (no helmet)
rElec    .         Reflect  .   (no cloak)
rCorr    .         Harm     .   (no gloves)
MR       .....                  (no boots)
Stlth    +.........             (no amulet)
HPRegen  0.05/turn              (no ring)
MPRegen  0.08/turn              (no ring)

@: slow
A: +LOS, swims, slowness 1, strong legs 1
a: Hop


You were on level 1 of the Dungeon.
You were not hungry.

You visited 1 branch of the dungeon, and saw 1 of its levels.

You collected 10 gold pieces.

Inventory:

Hand Weapons
 a - a +0 falchion (weapon)
Missiles
 e - 11 arrows
 g - a stone (quivered)
Armour
 b - a +0 leather armour (worn)
Scrolls
 c - a scroll of noise {unknown}
Comestibles
 d - a ration
 f - a chunk of flesh


   Skills:
 - Level 2.4 Fighting
 + Level 2.9 Long Blades
 - Level 1.2 Armour
 - Level 2.1 Dodging
 - Level 2.1 Spellcasting
 - Level 3.2 Charms


You had 3 spell levels left.
You knew the following spells:

 Your Spells              Type           Power        Failure   Level  Hunger
a - Infusion              Chrm           #...         9%          1    ##.....

Your spell library contained the following spells:

 Spells                   Type           Power        Failure   Level  Hunger
 Song of Slaying          Chrm           #.......     12%         2    ###....
 Shroud of Golubria       Chrm/Tloc      #.........   24%         2    ###....
 Regeneration             Chrm/Necr      #.........   43%         3    ####...
 Spectral Weapon          Hex/Chrm       #.......     43%         3    ####...


Dungeon Overview and Level Annotations

Branches:
Dungeon (1/15)

Altars:


Innate Abilities, Weirdness & Mutations

Shadows flee at your approach. (+LOS)
You can swim through water.
You cover ground slowly.
You can hop short distances.


Message History

The kobold is too close now for your liking.
You hit the kobold but do no damage. The kobold misses you.
You riposte.
You hit the kobold but do no damage. You closely miss the kobold.
The kobold misses you.
You hit the kobold.
The kobold is moderately wounded.
The kobold hits you with a +0 short sword.
* * * LOW HITPOINT WARNING * * *
The kobold hits you but does no damage.
You barely miss the kobold.
The kobold is moderately wounded.
The kobold hits you but does no damage.
You barely miss the kobold.
The kobold is moderately wounded.
The kobold hits you with a +0 short sword.
* * * LOW HITPOINT WARNING * * *
You barely miss the kobold.
The kobold is moderately wounded.
The kobold hits you with a +0 short sword.
You die...

###.... ####...... ..##....#
...+K...# ### #.##....# ..#
#.##..# #.# #.#(..## #.#
#.#>...# ##.######@#....#
########......(..K....#####
...............##)).........
...............##..###..####
≈≈≈≈≈≈≈≈≈≈≈≈≈≈...#.# ..#
≈≈≈≈≈≈≈≈≈≈≈≈≈≈...#.. .#
≈≈≈≈≈≈≈≈≈≈≈≈≈≈...##.# .#
≈≈≈≈≈≈#+#+#≈≈≈...# ..
+###'## +≈≈≈...# #.#


You could see a kobold.

Vanquished Creatures
  2 hobgoblins (D:1)
  A kobold (D:1)
3 creatures vanquished.

Notes
Turn   | Place    | Note
-------+----------+-------------------------------------------
     0 | D:1      | Leeroy the Barachi Skald began the quest for the Orb.
     0 | D:1      | Reached XP level 1. HP: 17/17 MP: 3/3
    64 | D:1      | Slain by a kobold

Vault maps used:
D:1:      dpeg_arrival_castle, minmay_heptomino_l4

Action                   || total
-------------------------++-------
Melee: Falchion          ||    19
Armor: Leather armour    ||     8
Dodge: Dodged            ||    17
       Rpst.: Falchion   ||     2

Table legend:
 A = Non-vault XP
 B = Vault XP
 C = Vault XP percentage of total XP
 D = Non-vault monster count
 E = Vault monster count
 F = Vault count percentage of total count
                 A         B        C        D         E       F
            +---------+---------+-------+---------+---------+-------
      Total |       6 |       0 |   0.0 |       3 |       0 |   0.0
            +---------+---------+-------+---------+---------+-------
        D:1 |       6 |       0 |   0.0 |       3 |       0 |   0.0
            +---------+---------+-------+---------+---------+-------
